 Dungeon Crawl Stone Soup version 0.29-a0-1023-g6ae1a4a2c7 (webtiles) character file.

Game seed: 12758260032693534447

1665 Sobieck the Skirmisher (level 8, -4/70 HPs)
             Began as a Demigod Hunter on Aug 11, 2022.
             Slain by a wyvern (6 damage)
             ... on level 7 of the Dungeon.
             The game lasted 00:13:32 (6034 turns).

Sobieck the Skirmisher (Demigod Hunter)             Turns: 6034, Time: 00:13:32

Health: -4/70      AC:  8    Str: 12    XL:     8   Next: 41%
Magic:  10/10      EV: 12    Int: 11    God:
Gold:   143        SH:  0    Dex: 25    Spells: 7/7 levels left

rFire   . . .      SeeInvis .   a - +2 shortbow {bow}
rCold   . . .      Faith    .   (shield currently unavailable)
rNeg    . . .      Spirit   .   c - +0 leather armour
rPois   .          Reflect  .   e - +0 helmet
rElec   .          Harm     .   (no cloak)
rCorr   .          Rampage  .   m - +1 pair of gloves
Will    +....                   V - +1 pair of boots {Fly}
Stlth   ++........              Z - amulet of the acrobat
HPRegen 0.21/turn               s - ring of wizardry
MPRegen 0.12/turn               y - ring of willpower

@: flying, slowed, very slow
A: high MP 1, forlorn, divine attributes
a: no special abilities


You were on level 7 of the Dungeon.
You visited 1 branch of the dungeon, and saw 7 of its levels.

You collected 458 gold pieces.
You spent 315 gold pieces at shops.


Innate Abilities, Weirdness & Mutations

You have an increased reservoir of magic. (+10% MP)
You shall have no god before yourself.
Your divine heritage dramatically boosts your attributes as you level up.


   Skills:
 - Level 6.0 Fighting
 * Level 9.2 Ranged Weapons
 - Level 1.7 Dodging
 - Level 0.8 Stealth


You had 7 spell levels left.
You didn't know any spells.
Your spell library was empty.

Inventory:

Hand Weapons
 a - a +2 shortbow (weapon) {bow}
 t - a +1 sling of flaming
   (You found it on level 2 of the Dungeon)
 v - the +5 hand axe "Ytualim" {spect, rF++, axe}
   (You found it on level 3 of the Dungeon)

   When its wielder attacks, the weapon's spirit leaps out and strikes again.
   The spirit shares a part of any damage it takes with its wielder.
   rF:        It greatly protects you from fire.
Missiles
 f - 9 boomerangs {throwing}
 g - 39 stones {throwing}
 G - 4 datura-tipped darts {throwing}
 Q - 2 poisoned darts {throwing}
Armour
 c - a +0 leather armour (worn)
 e - a +0 helmet (worn)
   (You bought it in a shop on level 1 of the Dungeon)
 h - a +0 leather armour
   (You found it on level 1 of the Dungeon)
 j - a +0 ring mail
   (You took it off an orc on level 6 of the Dungeon)
 l - a +0 leather armour
   (You took it off an orc on level 5 of the Dungeon)
 m - a +1 pair of gloves (worn)
   (You found it on level 2 of the Dungeon)
 o - a +0 ring mail
   (You found it on level 2 of the Dungeon)
 p - a +0 ring mail
   (You found it on level 2 of the Dungeon)
 q - a +0 ring mail
   (You found it on level 2 of the Dungeon)
 x - a +0 leather armour
   (You found it on level 3 of the Dungeon)
 z - a +0 ring mail
   (You found it on level 3 of the Dungeon)
 A - a +0 leather armour
   (You took it off an orc on level 5 of the Dungeon)
 C - a +0 ring mail
   (You took it off an orc on level 3 of the Dungeon)
 D - a +0 leather armour
   (You took it off an orc on level 3 of the Dungeon)
 E - a +0 leather armour
   (You took it off an orc on level 3 of the Dungeon)
 H - a +0 ring mail
   (You found it on level 4 of the Dungeon)
 K - a +0 robe
   (You took it off an orc wizard on level 5 of the Dungeon)
 L - a +0 robe
   (You took it off Blork the orc on level 5 of the Dungeon)
 N - a +0 ring mail
   (You took it off an orc on level 5 of the Dungeon)
 O - a +0 leather armour
   (You took it off an orc on level 5 of the Dungeon)
 P - a +0 leather armour
   (You found it on level 5 of the Dungeon)
 R - a +0 plate armour
   (You found it on level 6 of the Dungeon)
 T - a +0 leather armour
   (You found it on level 5 of the Dungeon)
 U - a +0 ring mail
   (You found it on level 5 of the Dungeon)
 V - a +1 pair of boots of flying (worn)
   (You bought it in a shop on level 1 of the Dungeon)
 X - a +0 robe
   (You took it off an orc wizard on level 5 of the Dungeon)
 Y - a +0 leather armour
   (You took it off an orc priest on level 5 of the Dungeon)
Jewellery
 s - a ring of wizardry (left hand)
   (You found it on level 2 of the Dungeon)
 y - a ring of willpower (right hand)
   (You found it on level 3 of the Dungeon)
 Z - an amulet of the acrobat (around neck)
   (You found it on level 6 of the Dungeon)
Wands
 I - a wand of charming (9)
   (You found it on level 4 of the Dungeon)
Scrolls
 b - 2 scrolls of immolation {!r!r}
 d - 4 scrolls of teleportation {@r4}
 i - a scroll of enchant weapon
 n - a scroll of blinking {!r}
 u - a scroll of butterflies
 F - a scroll of poison {unknown}
 W - 2 scrolls of noise {!r}
Potions
 k - a potion of flight
 r - a potion of brilliance
 w - a potion of attraction {!q}
 B - 4 potions of curing {@q1}
 J - 2 potions of magic
 M - 2 potions of heal wounds {unknown}
 S - a potion of might {unknown}

Dungeon Overview and Level Annotations

Branches:
Dungeon (7/15) Zot: 26627  Temple (0/1) D:4

Shops:
D:1 [   D:3 ?   D:4 (

Annotations:
D:4 exclusion: 2 centaurs

..... ...... #...)
#.... #..).# .###.
#....## .....
#.>#†)# #.....
#...@###.......#
##.#.l..........
#....#........#
###....#.....#
#...#.###...#
#.#.....#...##
###)#.###......##
#......##.......##
###.#.#.##.........#


You could see a wyvern.


Message History

You feel very sick.
The kobold brigand throws a curare-tipped dart.
The curare-tipped dart closely misses you.
Fire: a) +2 shortbow {bow}
Press: ? - help, Q - select action, (/) - cycle Shift-Dir - straight line, f/p - kobold brigand
Aim: a kobold brigand, wielding a +0 dagger and quivering curare-tipped darts (severely wounded, 66% to hit)
You shoot an arrow.
The arrow closely misses the kobold brigand.
You feel very sick.
You hear an angry hiss.
Fire: a) +2 shortbow {bow}
Press: ? - help, Q - select action, (/) - cycle Shift-Dir - straight line, f/p - kobold brigand
Aim: a kobold brigand, wielding a +0 dagger and quivering curare-tipped darts (severely wounded, 66% to hit)
You shoot an arrow.
The arrow barely misses the kobold brigand.
You feel very sick.
The kobold brigand hits you but does no damage. x2
Fire: a) +2 shortbow {bow}
Press: ? - help, Q - select action, (/) - cycle Shift-Dir - straight line, f/p - kobold brigand
Aim: a kobold brigand, wielding a +0 dagger and quivering curare-tipped darts (severely wounded, 66% to hit)
You shoot an arrow. The arrow hits the kobold brigand!
You kill the kobold brigand!
You feel sick.
The necrophage hits you but does no damage.
Fire: a) +2 shortbow {bow}
Press: ? - help, Q - select action, (/) - cycle Shift-Dir - straight line, f - necrophage
Aim: a necrophage (71% to hit)
Okay, then.
Unknown command.
You feel better.
The necrophage hits you but does no damage.
The necrophage hits you.
You feel drained.
Unknown command.
Fire: a) +2 shortbow {bow}
Press: ? - help, Q - select action, (/) - cycle Shift-Dir - straight line, f - necrophage
Aim: a necrophage (71% to hit)
You shoot an arrow. The arrow hits the necrophage!
The necrophage hits you.
You feel drained.
The necrophage hits you but does no damage.
Fire: a) +2 shortbow {bow}
Press: ? - help, Q - select action, (/) - cycle Shift-Dir - straight line, f/p - necrophage
Aim: a necrophage (severely damaged, 71% to hit)
You shoot an arrow. The arrow hits the necrophage.
The necrophage hits you but does no damage.
Fire: a) +2 shortbow {bow}
Press: ? - help, Q - select action, (/) - cycle Shift-Dir - straight line, f/p - necrophage
Aim: a necrophage (severely damaged, 71% to hit)
You shoot an arrow. The arrow hits the necrophage!
You destroy the necrophage!
The wyvern bites you.
Your life force feels restored.
Training target 6.0 for Fighting reached!
Your Fighting skill increases to level 6!
Fire: a) +2 shortbow {bow}
Press: ? - help, Q - select action, (/) - cycle Shift-Dir - straight line, f - wyvern
Aim: a wyvern (72% to hit)
You shoot an arrow. The arrow barely misses the wyvern.
The wyvern bites you. The wyvern bites you!
* * * LOW HITPOINT WARNING * * *
Fire: a) +2 shortbow {bow}
Press: ? - help, Q - select action, (/) - cycle Shift-Dir - straight line, f/p - wyvern
Aim: a wyvern (72% to hit)
You shoot an arrow. The arrow hits the wyvern!
The wyvern closely misses you.
The wyvern bites you but does no damage.
Fire: a) +2 shortbow {bow}
Press: ? - help, Q - select action, (/) - cycle Shift-Dir - straight line, f/p - wyvern
Aim: a wyvern (moderately wounded, 72% to hit)
You shoot an arrow.
The arrow hits the wyvern but does no damage.
The wyvern bites you.
* * * LOW HITPOINT WARNING * * *
The wyvern misses you. The wyvern barely misses you.
Fire: a) +2 shortbow {bow}
Press: ? - help, Q - select action, (/) - cycle Shift-Dir - straight line, f/p - wyvern
Aim: a wyvern (moderately wounded, 72% to hit)
Okay, then.
Unknown command.
Okay, then.
Unknown command.
You feel better. The wyvern bites you!
* * * LOW HITPOINT WARNING * * *
The wyvern completely misses you.
Fire: a) +2 shortbow {bow}
Press: ? - help, Q - select action, (/) - cycle Shift-Dir - straight line, f/p - wyvern
Aim: a wyvern (moderately wounded, 72% to hit)
You shoot an arrow. The arrow hits the wyvern!
The wyvern bites you!
* * * LOW HITPOINT WARNING * * *
The wyvern misses you. The wyvern barely misses you.
Fire: a) +2 shortbow {bow}
Press: ? - help, Q - select action, (/) - cycle Shift-Dir - straight line, f/p - wyvern
Aim: a wyvern (severely wounded, 72% to hit)
You shoot an arrow. The arrow hits the wyvern.
The wyvern bites you!
* * * LOW HITPOINT WARNING * * *
The wyvern bites you.
You die...

Skill      XL: |  1  2  3  4  5  6  7  8 |
---------------+-------------------------+-----
Fighting       | 2 3 4 5 6 |  6.0
Ranged Weapons | 4 5 6 7 8 9 |  9.2
Dodging        | |  1.7
Stealth        | |  0.8

Action                   |  1- 3 |  4- 6 |  7- 9 || total
-------------------------+-------+-------+-------++-------
 Fire: Shortbow          |   119 |   127 |   138 ||   384
  Use: Scroll            |     8 |     4 |     4 ||    16
       Potion            |       |     1 |     5 ||     6
Armor: Leather armour    |       |    17 |    33 ||    50
Dodge: Dodged            |    20 |    39 |    69 ||   128

Levels and vault maps discovered:
D:1:      minmay_arrival_four_circles, layout_loops_ring, serial_shops,
          nicolae_shop_statue_plus, hex_large, minmay_octomino_j4
D:2:      layout_loops_ring, uniq_crazy_yiuf_cottage
D:3:      layout_loops_ring, nzn_wu_jian_council_hall,
          yredelemnul_forgotten_temple_becter,
          hellmonk_ecumenical_altar_lost_god, serial_shops, shop_statue
D:4:      layout_gridville, evilmike_ruin_ashenzari, minitemple,
          minmay_temple_entry_sparse_star, serial_shops, shop,
          minmay_manual_mares
D:5:      layout_basic, mainiacjoe_overflow_24_doors, overflow_temple_1_default,
          uniq_blork_the_orc
D:6:      layout_rooms
D:7:      layout_loops_ring, slow_altar_1, uniq_prince_ribbit1

Notes
Turn   | Place    | Note
-------+----------+-------------------------------------------
     0 | D:1      | Sobieck the Demigod Hunter began the quest for the Orb.
     0 | D:1      | Reached XP level 1. HP: 17/17 MP: 3/3
    55 | D:1      | Reached skill level 2 in Fighting
   263 | D:1      | Reached skill level 4 in Ranged Weapons
   263 | D:1      | Reached XP level 2. HP: 24/24 MP: 4/4
   460 | D:1      | Found Kirgh's Antique Armour Boutique.
   779 | D:2      | Reached XP level 3. HP: 30/30 MP: 5/5
  1630 | D:1      | Bought a helmet for 90 gold pieces
  1681 | D:3      | Identified the +5 hand axe "Ytualim" {spect, rF++}
  1828 | D:3      | Found Guiqock's Magic Scroll Emporium.
  1836 | D:3      | Bought a scroll of enchant weapon for 75 gold pieces
  2362 | D:4      | Noticed a scorpion
  2364 | D:4      | Killed a scorpion
  2365 | D:4      | Reached skill level 3 in Fighting
  2365 | D:4      | Reached skill level 5 in Ranged Weapons
  2365 | D:4      | Reached XP level 4. HP: 38/38 MP: 6/6
  2527 | D:4      | Reached XP level 5. HP: 45/45 MP: 7/7
  2600 | D:4      | Found a staircase to the Ecumenical Temple.
  2636 | D:4      | Noticed a centaur
  2636 | D:4      | Noticed a centaur
  3182 | D:4      | Found Agobb's Weapon Shoppe.
  3246 | D:5      | Entered Level 5 of the Dungeon
  3301 | D:5      | Noticed Blork the orc
  3309 | D:5      | Killed Blork the orc
  3310 | D:5      | Reached skill level 6 in Ranged Weapons
  3310 | D:5      | Reached XP level 6. HP: 51/52 MP: 8/8
  3361 | D:5      | HP: 7/52 [ice beast (14)]
  3392 | D:5      | Reached skill level 4 in Fighting
  3890 | D:5      | Reached skill level 7 in Ranged Weapons
  3890 | D:5      | Reached XP level 7. HP: 53/60 MP: 9/9
  4316 | D:1      | Bought a pair of glowing boots for 150 gold pieces
  5094 | D:6      | Reached skill level 5 in Fighting
  5102 | D:6      | Reached skill level 8 in Ranged Weapons
  5399 | D:6      | Reached XP level 8. HP: 69/69 MP: 10/10
  6017 | D:7      | Reached skill level 9 in Ranged Weapons
  6029 | D:7      | Reached skill level 6 in Fighting
  6033 | D:7      | HP: 16/70 [wyvern (12)]
  6034 | D:7      | HP: 2/70 [wyvern (15)]
  6034 | D:7      | Slain by a wyvern

Vanquished Creatures
  A black bear (D:6)
  An ice beast (D:5)
  3 ogres
  Blork the orc (D:5)
  A kobold brigand (D:7)
  5 scorpions
  A necrophage (D:7)
  4 wights
  3 orc priests
  2 jellies
  A hound (D:7)
  4 iguanas (D:5)
  3 orc wizards
  6 adders
  An ufetubus (D:4)
  4 worms
  4 dart slugs
  14 orcs
  6 endoplasms
  4 giant cockroaches
  7 goblins
  6 hobgoblins
  3 jackals (D:5)
  16 kobolds
  4 quokkas
  9 ball pythons
  A bat (D:3)
  4 frilled lizards
  5 rats (D:3)
  A spectral orc (D:3)
125 creatures vanquished.

Table legend:
 A = Non-vault XP
 B = Vault XP
 C = Vault XP percentage of total XP
 D = Non-vault monster count
 E = Vault monster count
 F = Vault count percentage of total count
                 A         B        C        D         E       F
            +---------+---------+-------+---------+---------+-------
      Total |    2275 |     104 |   4.4 |     120 |       5 |   4.0
            +---------+---------+-------+---------+---------+-------
        D:1 |      43 |       4 |   8.5 |      26 |       3 |  10.3
        D:2 |      28 |       0 |   0.0 |      11 |       0 |   0.0
        D:3 |      37 |       1 |   2.6 |      19 |       1 |   5.0
        D:4 |     247 |       0 |   0.0 |      17 |       0 |   0.0
        D:5 |     786 |      99 |  11.2 |      23 |       1 |   4.2
        D:6 |     590 |       0 |   0.0 |      10 |       0 |   0.0
        D:7 |     544 |       0 |   0.0 |      14 |       0 |   0.0
            +---------+---------+-------+---------+---------+-------

Illustrated notes

Table legend:
 A = Kills in this place as a percentage of kills in entire the game.
 B = Kills by you in this place as a percentage of kills by you in the entire game.
 C = Kills by friends in this place as a percentage of kills by friends in the entire game.
 D = Other kills in this place as a percentage of other kills in the entire game.
 E = Experience gained in this place as a percentage of experience gained in the entire game.
 F = Experience gained in this place divided by the number of levels of this place that you have seen.
                   A       B       C       D       E      F
               +-------+-------+-------+-------+-------+----------------------
         Total | 100.0 | 100.0 |   N/A |   N/A | 100.0 | 339.9
       Dungeon | 100.0 | 100.0 |   N/A |   N/A | 100.0 | 339.9
               +-------+-------+-------+-------+-------+----------------------

Table legend: (Time is in decaauts)
 A = Elapsed time spent in this place.
 B = Non-inter-level travel time spent in this place.
 C = Inter-level travel time spent in this place.
 D = Time resting spent in this place.
 E = Time spent auto-exploring this place.
 F = Levels seen in this place.
 G = Mean time per level.
                   A        B        C        D        E       F      G
               +--------+--------+--------+--------+--------+-----+--------+
         Total |   6117 |   5585 |    532 |    758 |   3938 |   7 |  873.9 |
       Dungeon |   6117 |   5585 |    532 |    758 |   3938 |   7 |  873.9 |
               +--------+--------+--------+--------+--------+-----+--------+

Top non-repeatable levels by time:
     D:5: 1559 daAuts
     D:4: 1092 daAuts
     D:2: 941 daAuts
     D:1: 845 daAuts
     D:3: 738 daAuts
     D:6: 594 daAuts
     D:7: 345 daAuts
